 Dungeon Crawl Stone Soup version 0.29.1 (webtiles) character file.

Game seed: 9681186511345730109

3388 qw the Cleaver (level 10, -9/64 HPs)
             Began as a Gargoyle Fighter on Sept 13, 2022.
             Mangled by a two-headed ogre
             ... wielding a +0 giant club
              (11 damage)
             ... on level 8 of the Dungeon.
             The game lasted 00:03:08 (8632 turns).

qw the Cleaver (Gargoyle Fighter)                   Turns: 8632, Time: 00:03:09

Health: -9/64      AC: 21    Str: 30    XL:     10   Next: 4%
Magic:  10/10      EV:  9    Int:  9    God:
Gold:   252        SH: 10    Dex: 15    Spells: 9/9 levels left

rFire   . . .      SeeInvis .   Y - +0 broad axe
rCold   + . .      Faith    .   c - +0 buckler
rNeg    + . .      Spirit   .   w - +0 chain mail {rC+}
rPois   inf        Reflect  +   (no helmet)
rElec   +          Harm     .   o - +2 cloak
rCorr   .          Rampage  .   (no gloves)
Will    .....                   n - +0 pair of boots
Stlth   ..........              b - amulet of reflection
HPRegen 0.20/turn               j - +6 ring of strength
MPRegen 0.12/turn               r - +6 ring of dexterity

@: no status effects
A: sickness immunity, AC +7, negative energy resistance 1, electricity
resistance, torment resistance 1, petrification resistance
a: no special abilities


You were on level 8 of the Dungeon.
You visited 2 branches of the dungeon, and saw 9 of its levels.

You collected 308 gold pieces.
You spent 56 gold pieces at shops.


Innate Abilities, Weirdness & Mutations

You are immune to sickness and miasma.
Your stone body is resilient. (AC +7)
You are immune to poison.
You resist negative energy. (rN+)
You are resistant to electric shocks. (rElec)
You are resistant to unholy torment.
You are immune to petrification.


   Skills:
 - Level 8.0 Fighting
 - Level 10.0 Axes
 - Level 1.1 Throwing
 - Level 5.2 Armour
 - Level 2.5 Dodging
 + Level 4.4 Shields


You had 9 spell levels left.
You didn't know any spells.
Your spell library was empty.

Inventory:

Hand Weapons
 s - a -3 eveningstar
 Y - a +0 broad axe (weapon)
Armour
 c - a +0 buckler (worn)
 n - a +0 pair of boots (worn)
 o - a +2 cloak (worn)
 w - a +0 chain mail of cold resistance (worn)
Jewellery
 b - an amulet of reflection (around neck)
 h - a ring of see invisible
 j - a +6 ring of strength (left hand)
 r - a +6 ring of dexterity (right hand)
Scrolls
 g - 2 scrolls of identify
 l - 2 scrolls of teleportation
Potions
 a - 3 potions of attraction
 d - 2 potions of might
 e - a potion of degeneration {unknown}
 f - a potion of curing
 i - a potion of heal wounds
 m - a potion of cancellation {unknown}
 q - a potion of invisibility {unknown}
 t - a potion of lignification {unknown}
 x - a potion of mutation {unknown}

Dungeon Overview and Level Annotations

Branches:
Dungeon (8/15)             Temple (1/1) D:6
   Lair: D:8-11

Altars:
Ashenzari
Cheibriados
Elyvilon
Fedhas
Gozag
Kikubaaqudgha
Makhleb
Nemelex Xobeh
Qazlal
Ru
Sif Muna
Vehumet
Wu Jian
Xom
Zin
The Shining One

Shops:
D:4 [   D:6 **


Message History

You barely miss the steam dragon.
The steam dragon is severely wounded.
You hit the wight. You hit the yak. The yak gores you.
You block the steam dragon's attack. The steam dragon barely misses you.
The wight hits you but does no damage. You block the yak's attack.
The steam dragon bites you but does no damage.
The steam dragon claws you but does no damage.
You slash the steam dragon!
You kill the steam dragon!
You completely miss the yak. You hit the two-headed ogre.
The centaur warrior barely misses you.
The centaur warrior kicks you but does no damage.
The yak gores you but does no damage.
Your Fighting skill increases to level 8!
You have reached level 10!
You hit the two-headed ogre.
The two-headed ogre is lightly wounded.
You barely miss the centaur warrior. You hit the yak.
The centaur warrior hits you but does no damage.
The centaur warrior kicks you but does no damage.
You block the centaur warrior's attack.
The centaur warrior kicks you but does no damage.
The two-headed ogre hits you but does no damage.
You block the two-headed ogre's attack. The yak gores you but does no damage.
You slice the two-headed ogre!!
The two-headed ogre is heavily wounded.
You closely miss the sky beast.
You hit the centaur warrior but do no damage.
You slash the yak!
You block the centaur warrior's attack. x2; The sky beast hits you.
The sky beast shocks you. You resist. The yak gores you but does no damage.
The centaur warrior hits you with a +4 vorpal battleaxe!
The centaur warrior kicks you but does no damage.
You closely miss the two-headed ogre.
The two-headed ogre is heavily wounded.
You slash the centaur warrior! You closely miss the yak. You hit the sky beast.
The two-headed ogre hits you with a +0 giant club!!
The two-headed ogre hits you with a +0 giant club!
You die...

.......###...####....)## #...##
............## #......####....##
...../.....## ##................
...........#####.................
....##<.%..#..#!.#######.........
...#####.........#.#.#.#.........
#..# #.........#^^^^^#......###
#..# ##.......c.#########.####
#..####.......zO@)...).'?#.##
#.......#......YY#########..#
#...#.#.#........#^^^^^#....##
#...#.#..........#.#.#.#.....##
#..##.##.........#######......##
#..###.#.................####..##
#.## .##........######### ##..#
.. #.#..))....# ##.. .#
.##.).....# #..


You could see a centaur warrior, a two-headed ogre, a yak, a sky beast and a
wight.

Vanquished Creatures
  Pikel (D:6)
  Joseph (D:7)
  A wyvern (D:8)
  A steam dragon (D:8)
  Duvessa (D:7)
  A black bear (D:8)
  A hornet zombie (D:7)
  An orc warrior (D:5)
  5 centaurs
  An ogre (D:6)
  A phantom (D:5)
  A kobold brigand (D:8)
  A scorpion (D:7)
  A bullfrog (D:7)
  A necrophage (D:7)
  2 wyvern zombies (D:7)
  A water moccasin zombie (D:7)
  Dowan (D:7)
  5 wights
  An electric eel (D:7)
  4 crimson imps (D:8)
  A human zombie (D:7)
  2 orc priests
  2 jellies
  An iguana (D:4)
  2 orc wizards
  A killer bee zombie (D:7)
  2 mummies (D:7)
  4 gnolls (D:3)
  8 adders
  3 white imps
  3 worms
  3 dart slugs
  22 orcs
  5 endoplasms
  7 giant cockroaches
  9 goblins
  8 hobgoblins
  4 jackals (D:1)
  3 quokkas
  6 ball pythons
  4 bats
  7 frilled lizards
  10 kobolds
  7 rats
157 creatures vanquished.

Notes
Turn   | Place    | Note
-------+----------+-------------------------------------------
     0 | D:1      | qw the Gargoyle Fighter began the quest for the Orb.
     0 | D:1      | Reached XP level 1. HP: 14/14 MP: 1/1
     0 | D:1      | 0 ||| qw: Version: 0.1-a-119-g272c26d
     0 | D:1      | 0 ||| qw: Game counter: 11076
     0 | D:1      | 0 ||| qw: Always use a shield: true
     0 | D:1      | 0 ||| qw: God list: Okawaru
     0 | D:1      | 0 ||| qw: Allow faded altars: false
     0 | D:1      | 0 ||| qw: Do Orc after D:15 true
     0 | D:1      | 0 ||| qw: Do second Lair branch before Depths: true
     0 | D:1      | 0 ||| qw: Lair rune preference: random
     0 | D:1      | 0 ||| qw: Plans: Normal, Zot, God:TSO, Crypt, Tomb, Pan,
                  | Slime, Hells, Zig, Abyss, Orb
     0 | D:1      | 0 ||| PLANNING D:1-11
    43 | D:1      | Reached skill level 2 in Axes
    47 | D:1      | Reached XP level 2. HP: 17/19 MP: 2/2
   252 | D:1      | 252 ||| DROPPING +0 hand axe of draining.
   495 | D:1      | 495 ||| Stepping ~*~*~tactically~*~*~ (stealth).
   545 | D:1      | Reached skill level 3 in Axes
   620 | D:1      | Reached XP level 3. HP: 23/23 MP: 3/3
   870 | D:1      | 870 ||| DROPPING +0 club.
   953 | D:1      | Found a faded altar of an unknown god.
   957 | D:1      | 957 ||| READING scroll labelled VOKKAPH LUNYI.
   962 | D:1      | 962 ||| READING scroll labelled GIHUOVOASCH.
   963 | D:1      | 963 ||| READING scroll labelled VEONNE LIESURU.
  1072 | D:2      | 1072 ||| Stepping ~*~*~tactically~*~*~ (stealth).
  1073 | D:2      | 1073 ||| Stepping ~*~*~tactically~*~*~ (stealth).
  1903 | D:2      | 1903 ||| UPGRADING to +0 pair of boots.
  1908 | D:2      | 1908 ||| DROPPING ring of wizardry.
  1909 | D:2      | 1909 ||| READING scroll labelled FIGIAK ABUAMIH.
  1910 | D:2      | 1910 ||| DRINKING 4 blue potions.
  1911 | D:2      | 1911 ||| DRINKING 2 viscous emerald potions.
  1912 | D:2      | 1912 ||| DROPPING potion of flight.
  1981 | D:3      | Reached XP level 4. HP: 26/28 MP: 4/4
  2038 | D:3      | 2038 ||| Stepping ~*~*~tactically~*~*~ (stealth).
  2093 | D:3      | 2093 ||| Stepping ~*~*~tactically~*~*~ (stealth).
  2094 | D:3      | 2094 ||| Stepping ~*~*~tactically~*~*~ (stealth).
  2099 | D:3      | 2099 ||| Stepping ~*~*~tactically~*~*~ (hiding).
  2108 | D:3      | Reached skill level 4 in Axes
  2288 | D:3      | 2288 ||| Stepping ~*~*~tactically~*~*~ (hiding).
  2342 | D:3      | 2342 ||| Stepping ~*~*~tactically~*~*~ (hiding).
  2358 | D:3      | 2358 ||| Stepping ~*~*~tactically~*~*~ (stealth).
  2461 | D:3      | Reached XP level 5. HP: 32/32 MP: 5/5
  2541 | D:3      | 2541 ||| Stepping ~*~*~tactically~*~*~ (stealth).
  2545 | D:3      | 2545 ||| Stepping ~*~*~tactically~*~*~ (stealth).
  2547 | D:3      | 2547 ||| Stepping ~*~*~tactically~*~*~ (stealth).
  2560 | D:3      | 2560 ||| DROPPING +0 whip.
  2608 | D:3      | 2608 ||| Stepping ~*~*~tactically~*~*~ (stealth).
  2615 | D:3      | 2615 ||| Stepping ~*~*~tactically~*~*~ (hiding).
  2616 | D:3      | 2616 ||| Stepping ~*~*~tactically~*~*~ (hiding).
  2637 | D:3      | Found a blossoming altar of Fedhas.
  2909 | D:3      | Reached skill level 5 in Axes
  2998 | D:3      | 2998 ||| READING 2 scrolls labelled VODOUC TUNI.
  2999 | D:3      | 2999 ||| READING scroll labelled UCARUITISU.
  3000 | D:3      | 3000 ||| DRINKING 2 lumpy red potions.
  3001 | D:3      | 3001 ||| DRINKING 2 grey potions.
  3002 | D:3      | 3002 ||| DROPPING potion of brilliance.
  3070 | D:4      | 3070 ||| Stepping ~*~*~tactically~*~*~ (stealth).
  3341 | D:4      | Found a broken altar of Ashenzari.
  3433 | D:4      | 3433 ||| Stepping ~*~*~tactically~*~*~ (stealth).
  3638 | D:4      | Reached skill level 1 in Dodging
  3638 | D:4      | Reached XP level 6. HP: 20/38 MP: 6/6
  3871 | D:4      | Found Reefege's Armour Emporium.
  3875 | D:4      | 3875 ||| BUYING +0 chain mail (54 gold).
  3875 | D:4      | Bought a +0 chain mail for 54 gold pieces
  3875 | D:4      | 3875 ||| SHOPLISTING +2 scale mail of cold resistance (252
                  | gold, have 124).
  3993 | D:4      | 3993 ||| DROPPING +0 leather armour of willpower.
  3994 | D:4      | 3994 ||| UPGRADING to +0 chain mail.
  4004 | D:4      | 4004 ||| DROPPING +0 scale mail.
  4005 | D:4      | 4005 ||| DROPPING +6 ring of intelligence.
  4006 | D:4      | 4006 ||| READING scroll labelled TER WOMMIETAMU.
  4007 | D:4      | 4007 ||| READING scroll labelled LEWUEN ZAIGH.
  4031 | D:5      | Entered Level 5 of the Dungeon
  4149 | D:5      | 4149 ||| Stepping ~*~*~tactically~*~*~ (stealth).
  4151 | D:5      | 4151 ||| Stepping ~*~*~tactically~*~*~ (stealth).
  4153 | D:5      | 4153 ||| Stepping ~*~*~tactically~*~*~ (stealth).
  4155 | D:5      | 4155 ||| Stepping ~*~*~tactically~*~*~ (hiding).
  4161 | D:5      | HP: 5/38 [orc priest/divine providence (10)]
  4162 | D:5      | 4162 ||| READING 2 scrolls of teleportation.
  4187 | D:5      | 4187 ||| FLEEEEING.
  4188 | D:5      | 4188 ||| FLEEEEING.
  4189 | D:5      | 4189 ||| FLEEEEING.
  4190 | D:5      | 4190 ||| FLEEEEING.
  4191 | D:5      | 4191 ||| FLEEEEING.
  4192 | D:5      | 4192 ||| FLEEEEING.
  4193 | D:5      | 4193 ||| FLEEEEING.
  4194 | D:5      | 4194 ||| FLEEEEING.
  4195 | D:5      | 4195 ||| FLEEEEING.
  4196 | D:5      | 4196 ||| FLEEEEING.
  4197 | D:5      | 4197 ||| FLEEEEING.
  4198 | D:5      | 4198 ||| FLEEEEING.
  4200 | D:5      | 4200 ||| FLEEEEING.
  4201 | D:5      | 4201 ||| FLEEEEING.
  4202 | D:5      | 4202 ||| FLEEEEING.
  4203 | D:5      | 4203 ||| FLEEEEING.
  4204 | D:5      | 4204 ||| FLEEEEING.
  4205 | D:5      | 4205 ||| FLEEEEING.
  4206 | D:5      | 4206 ||| FLEEEEING.
  4207 | D:5      | 4207 ||| FLEEEEING.
  4208 | D:5      | 4208 ||| FLEEEEING.
  4209 | D:5      | 4209 ||| FLEEEEING.
  4210 | D:5      | 4210 ||| FLEEEEING.
  4211 | D:5      | 4211 ||| STAIRDANCE
  4450 | D:4      | 4450 ||| UPGRADING to amulet of reflection.
  4455 | D:4      | 4455 ||| UPGRADING to +6 ring of strength.
  4468 | D:5      | 4468 ||| DROPPING +0 flail.
  4679 | D:5      | 4679 ||| Stepping ~*~*~tactically~*~*~ (hiding).
  4680 | D:5      | 4680 ||| Stepping ~*~*~tactically~*~*~ (hiding).
  4935 | D:5      | You fall into a shaft and drop 2 floors!
  4936 | D:7      | 4936 ||| UPGRADING to +2 cloak.
  4949 | D:6      | 4949 ||| Stepping ~*~*~tactically~*~*~ (hiding).
  4955 | D:6      | Reached skill level 6 in Axes
  4955 | D:6      | Reached XP level 7. HP: 43/43 MP: 7/7
  5055 | D:6      | Found Bola's Lightly-Used Armoury.
  5061 | D:6      | 5061 ||| SHOPLISTING -2 gold dragon scales (910 gold, have
                  | 154).
  5061 | D:6      | 5061 ||| SHOPLISTING -3 crystal plate armour (845 gold,
                  | have 154).
  5061 | D:6      | 5061 ||| BUYING -3 demon whip (1 gold).
  5061 | D:6      | Bought a -3 demon whip for 1 gold piece
  5061 | D:6      | 5061 ||| BUYING -3 eveningstar (1 gold).
  5061 | D:6      | Bought a -3 eveningstar for 1 gold piece
  5061 | D:6      | 5061 ||| DROPPING +0 morningstar.
  5062 | D:6      | 5062 ||| DROPPING -3 demon whip.
  5080 | D:6      | 5080 ||| SWAPPING to +0 broad axe.
  5081 | D:6      | 5081 ||| DROPPING +1 war axe.
  5156 | D:5      | 5156 ||| Stepping ~*~*~tactically~*~*~ (hiding).
  5423 | D:6      | 5423 ||| FLEEEEING.
  5426 | D:6      | 5426 ||| FLEEEEING.
  5427 | D:6      | 5427 ||| FLEEEEING.
  5428 | D:6      | 5428 ||| FLEEEEING.
  5429 | D:6      | 5429 ||| FLEEEEING.
  5430 | D:6      | 5430 ||| STAIRDANCE
  5565 | D:6      | 5565 ||| STAIRDANCE
  5574 | D:5      | HP: 8/43 [orc warrior/+0 mace (9)]
  5575 | D:5      | 5575 ||| READING 3 scrolls of teleportation.
  5576 | D:5      | HP: 1/43 [orc warrior/+0 mace (7)]
  5742 | D:5      | Reached skill level 7 in Axes
  5903 | D:6      | 5903 ||| READING 2 scrolls of teleportation.
  5904 | D:6      | Found a staircase to the Ecumenical Temple.
  5905 | D:6      | 5905 ||| PLANNING TEMPLE
  5910 | D:6      | 5910 ||| FLEEEEING.
  5911 | D:6      | 5911 ||| FLEEEEING.
  5912 | D:6      | 5912 ||| FLEEEEING.
  5913 | D:6      | 5913 ||| FLEEEEING.
  5915 | D:6      | 5915 ||| FLEEEEING.
  5916 | D:6      | 5916 ||| FLEEEEING.
  5917 | D:6      | 5917 ||| FLEEEEING.
  5918 | D:6      | 5918 ||| FLEEEEING.
  5919 | D:6      | 5919 ||| FLEEEEING.
  5921 | D:6      | 5921 ||| FLEEEEING.
  5922 | D:6      | 5922 ||| FLEEEEING.
  5923 | D:6      | 5923 ||| FLEEEEING.
  5925 | D:6      | 5925 ||| FLEEEEING.
  5926 | D:6      | 5926 ||| FLEEEEING.
  5927 | D:6      | 5927 ||| FLEEEEING.
  5928 | D:6      | 5928 ||| STAIRDANCE
  5946 | D:6      | 5946 ||| STAIRDANCE
  5963 | D:6      | 5963 ||| FLEEEEING.
  5985 | D:6      | 5985 ||| FLEEEEING.
  5986 | D:6      | 5986 ||| FLEEEEING.
  5988 | D:6      | 5988 ||| FLEEEEING.
  5999 | D:6      | 5999 ||| FLEEEEING.
  6000 | D:6      | 6000 ||| FLEEEEING.
  6001 | D:6      | 6001 ||| FLEEEEING.
  6002 | D:6      | 6002 ||| STAIRDANCE
  6006 | D:6      | 6006 ||| STAIRDANCE
  6010 | D:6      | 6010 ||| STAIRDANCE
  6083 | D:6      | 6083 ||| FLEEEEING.
  6084 | D:6      | 6084 ||| STAIRDANCE
  6088 | D:6      | 6088 ||| STAIRDANCE
  6108 | D:6      | 6108 ||| STAIRDANCE
  6112 | D:6      | 6112 ||| STAIRDANCE
  6116 | D:6      | 6116 ||| STAIRDANCE
  6142 | D:6      | 6142 ||| STAIRDANCE
  6170 | Temple   | Entered the Ecumenical Temple
  6319 | Temple   | 6319 ||| PLANNING D:1-11
  6399 | D:6      | Found a glowing golden altar of the Shining One.
  6503 | D:6      | Found Jugikai's Overcharged Wands.
  6511 | D:6      | 6511 ||| SHOPLISTING wand of digging (11) (693 gold, have
                  | 181).
  6534 | D:6      | 6534 ||| Stepping ~*~*~tactically~*~*~ (hiding).
  6535 | D:6      | 6535 ||| Stepping ~*~*~tactically~*~*~ (hiding).
  6547 | D:6      | 6547 ||| Stepping ~*~*~tactically~*~*~ (stealth).
  6652 | D:6      | Noticed Pikel
  6653 | D:6      | 6653 ||| Stepping ~*~*~tactically~*~*~ (hiding).
  6654 | D:6      | 6654 ||| Stepping ~*~*~tactically~*~*~ (hiding).
  6668 | D:6      | Killed Pikel
  6669 | D:6      | Reached XP level 8. HP: 30/53 MP: 8/8
  6856 | D:6      | 6856 ||| UPGRADING to +6 ring of dexterity.
  6887 | D:7      | Reached skill level 1 in Throwing
  6957 | D:7      | Found an ancient bone altar of Kikubaaqudgha.
  7019 | D:7      | Reached skill level 8 in Axes
  7161 | D:7      | Reached XP level 9. HP: 57/57 MP: 9/9
  7221 | D:7      | 7221 ||| Stepping ~*~*~tactically~*~*~ (stealth).
  7222 | D:7      | 7222 ||| Stepping ~*~*~tactically~*~*~ (hiding).
  7235 | D:7      | 7235 ||| DRINKING potion of curing.
  7235 | D:7      | 7235 ||| (to cure confusion)
  7578 | D:7      | Noticed Duvessa
  7579 | D:7      | Noticed Dowan
  7589 | D:7      | Killed Duvessa
  7595 | D:7      | Killed Dowan
  7720 | D:7      | Noticed Joseph
  7723 | D:7      | 7723 ||| FLEEEEING.
  7724 | D:7      | 7724 ||| FLEEEEING.
  7725 | D:7      | 7725 ||| FLEEEEING.
  7726 | D:7      | 7726 ||| FLEEEEING.
  7727 | D:7      | 7727 ||| FLEEEEING.
  7741 | D:7      | 7741 ||| FLEEEEING.
  7749 | D:7      | 7749 ||| FLEEEEING.
  7763 | D:7      | 7763 ||| Stepping ~*~*~tactically~*~*~ (hiding).
  7780 | D:7      | Killed Joseph
  7781 | D:7      | Reached skill level 9 in Axes
  8235 | D:7      | 8235 ||| UPGRADING to +0 chain mail of cold resistance.
  8245 | D:7      | 8245 ||| DROPPING +0 chain mail.
  8246 | D:7      | 8246 ||| READING scroll labelled IFARAG VURE GAE.
  8247 | D:7      | 8247 ||| READING scroll labelled OSYXOFRIBU.
  8248 | D:7      | 8248 ||| READING scroll labelled FYTENL YTTIJ.
  8249 | D:7      | 8249 ||| READING scroll labelled OSA IGGOELURPHOABB.
  8250 | D:7      | 8250 ||| DRINKING 2 smoky white potions.
  8251 | D:7      | 8251 ||| READING 3 scrolls of identify.
  8251 | D:7      | 8251 ||| IDENTIFYING fuming green potion
  8252 | D:7      | 8252 ||| READING 2 scrolls of identify.
  8252 | D:7      | 8252 ||| IDENTIFYING brown potion
  8253 | D:7      | 8253 ||| DROPPING potion of berserk rage.
  8254 | D:7      | 8254 ||| DROPPING potion of magic.
  8364 | D:8      | Found a shimmering altar of Xom.
  8618 | D:8      | Reached skill level 10 in Axes
  8624 | D:8      | Noticed a two-headed ogre
  8625 | D:8      | Noticed a centaur warrior
  8630 | D:8      | Reached XP level 10. HP: 44/64 MP: 10/10
  8632 | D:8      | HP: 2/64 [two-headed ogre/+0 giant club (23)]
  8632 | D:8      | Mangled by a two-headed ogre

Levels and vault maps discovered:
D:1:      lightli_arrival_maybe_door_vault, layout_loops_cross,
          shapermc_ecumenical_altar_petra
D:2:      layout_basic
D:3:      layout_basic, fedhas_altar_2, minmay_bisected
D:4:      layout_basic, cheibrodos_ashenzari_chains, serial_shops,
          nicolae_shop_stone
D:5:      layout_rooms, chequers_serial_rivers_micro_e
D:6:      layout_cave_pools, lemuel_crystal_altar,
          minmay_temple_entry_stoned_glass, minmay_shop_damaged, minivault_23,
          nicolae_shop_overcharged_wands, uniq_pikel
D:7:      layout_rooms, lemuel_mausoleum_altar_kikubaaqudgha, minivault_14,
          dreamdust_princess_bridge, kennysheep_nub, uniq_joseph, uniq_duvessa
D:8:      minmay_the_grid_triangle_9x9_recursive_2
          [minmay_the_grid_triangle_9x9_prize_schism,
          minmay_the_grid_triangle_9x9_windchime,
          minmay_the_grid_triangle_9x9_tough_junction,
          minmay_the_grid_triangle_9x9_cache], layout_layer_cave, led_xom_imps,
          grunt_dithmenos_smoke, gammafunk_temple_overflow_forgotten,
          serial_shops, nicolae_stop_n_shop_2, grunt_tough_drop
Temple:   chequers_temple_sunken

Skill      XL: |  1  2  3  4  5  6  7  8  9 |
---------------+----------------------------+-----
Axes           | 2 3 4 5 6 7 8 10 | 10.0
Fighting       | 4 7 8 |  8.0
Dodging        | 1 2 |  2.5
Throwing       | 1 |  1.1
Armour         | 5 |  5.2
Shields        | 4 |  4.4

Action                   |  1- 3 |  4- 6 |  7- 9 | 10-12 || total
-------------------------+-------+-------+-------+-------++-------
Melee: War axe           |   113 |   201 |       |       ||   314
       Broad axe         |       |       |   214 |     3 ||   217
Throw: Boomerang         |       |    47 |    14 |       ||    61
  Use: Scroll            |     4 |     5 |     8 |       ||    17
       Potion            |     2 |     2 |     2 |       ||     6
Armor: Scale mail        |    62 |    78 |       |       ||   140
       Chain mail        |       |    42 |   100 |     7 ||   149
Dodge: Dodged            |    52 |    82 |    71 |       ||   205
Block: Buckler           |    22 |    40 |   103 |     4 ||   169
       Reflection        |       |       |    10 |       ||    10

Table legend:
 A = Non-vault XP
 B = Vault XP
 C = Vault XP percentage of total XP
 D = Non-vault monster count
 E = Vault monster count
 F = Vault count percentage of total count
                 A         B        C        D         E       F
            +---------+---------+-------+---------+---------+-------
      Total |    1858 |    2982 |  61.6 |     127 |      30 |  19.1
            +---------+---------+-------+---------+---------+-------
        D:1 |      55 |       0 |   0.0 |      32 |       0 |   0.0
        D:2 |      15 |       0 |   0.0 |      10 |       0 |   0.0
        D:3 |     144 |      23 |  13.8 |      23 |       5 |  17.9
        D:4 |     134 |       0 |   0.0 |      25 |       0 |   0.0
        D:5 |     336 |       0 |   0.0 |      12 |       0 |   0.0
        D:6 |     297 |     641 |  68.3 |       8 |       1 |  11.1
        D:7 |     542 |    1468 |  73.0 |      10 |      15 |  60.0
        D:8 |     335 |     850 |  71.7 |       7 |       9 |  56.2
            +---------+---------+-------+---------+---------+-------
